 Dungeon Crawl Stone Soup version 0.21-a0-1-gaf3b9a5 (webtiles) character file.

416 MTVSty1e the Skirmisher (level 6, -2/72 HPs)
             Began as a Demonspawn Transmuter on May 20, 2017.
             Was a Follower of Cheibriados.
             Slain by a sky beast (5 damage)
             ... on level 5 of the Dungeon.
             The game lasted 00:18:11 (6131 turns).

MTVSty1e the Skirmisher (Demonspawn Transmuter)     Turns: 6131, Time: 00:18:12

Health: -2/72      AC: 23    Str: 15    XL:     6   Next: 60%
Magic:  1/10       EV:  2    Int: 17    God:    Cheibriados [*.....]
Gold:   71         SH:  0    Dex: 16    Spells: 3/11 levels left

rFire    . . .     SeeInvis .   i - +2 dagger (freeze)
rCold    . . .     Gourm    .   (no shield)
rNeg     + + +     Faith    +   (armour currently unavailable)
rPois    +         Spirit   .   (helmet currently unavailable)
rElec    .         Reflect  .   (cloak currently unavailable)
rCorr    .         Harm     .   (gloves currently unavailable)
MR       +....     NoTele   +   (boots currently unavailable)
Stlth    ++........             f - amulet of faith
Regen    0.3/turn               (no ring)
MPRegen  0.2/turn               (no ring)

@: tree-form, very slow
A: demonic guardian 1, magic resistance 1, nightstalker 1, strong 1
a: Bend Time, Renounce Religion


You were on level 5 of the Dungeon.
You worshipped Cheibriados.
Cheibriados was aware of your devotion.
You were not hungry.
You were a tree.
You visited 2 branches of the dungeon, and saw 6 of its levels.

You collected 181 gold pieces.
You spent 110 gold pieces at shops.

Inventory:

Hand Weapons
 i - a +2 dagger of freezing (weapon)
Missiles
 a - 18 arrows
Armour
 b - a +0 robe (melded)
 j - a +0 chain mail of cold resistance
 l - a +0 pair of gloves (melded)
Jewellery
 f - an amulet of faith (around neck)
Scrolls
 g - 3 scrolls of identify
 h - 5 scrolls of remove curse
 p - 2 scrolls of recharging
Books
 c - a book of Changes

   Spells                             Type                      Level
   a - Beastly Appendage              Transmutation                1
   b - Sticks to Snakes               Transmutation                2
   c - Spider Form                    Transmutation/Poison         3
   d - Ice Form                       Ice/Transmutation            4
   e - Blade Hands                    Transmutation                5
Comestibles
 d - 3 bread rations


   Skills:
 * Level 3.8 Fighting
 + Level 1.8 Short Blades
 + Level 1.7 Armour
 + Level 2.9 Dodging
 - Level 2.6 Unarmed Combat
 + Level 3.0 Spellcasting
 * Level 3.0 Transmutations


You had 3 spell levels left.
You knew the following spells:

 Your Spells              Type           Power        Failure   Level  Hunger
a - Beastly Appendage     Tmut           ##....       4%          1    None
b - Blade Hands           Tmut           ##........   80%         5    ######.
c - Sticks to Snakes      Tmut           ##......     8%          2    ##.....


Dungeon Overview and Level Annotations

Branches:
Dungeon (5/15)             Temple (1/1) D:4

Altars:
Ashenzari
Cheibriados
Elyvilon
Kikubaaqudgha
Nemelex Xobeh
Okawaru
Qazlal
Sif Muna
Trog
Uskayaw
Vehumet
Wu Jian
Xom
Yredelemnul
The Shining One

Shops:
D:4 *

Annotations:
D:4 2 transporters


Innate Abilities, Weirdness & Mutations

((You have a pair of small horns on your head.))
A weak demonic guardian rushes to your aid.
You are slightly more attuned to the shadows.
((Your flesh is cold resistant. (rC+)))
((Armour fits poorly on your strangely shaped body.))
You are resistant to hostile enchantments. (MR+)
Your muscles are strong. (Str +2)


Message History

You hit the sky beast. You freeze the sky beast.
The sky beast is severely wounded.
The jackal bites your shadow imp but does no damage.
The sky beast flickers out of sight!
Deactivating autopickup; reactivate with Ctrl-A.
Something hits you but does no damage.
Your shadow imp hits the jackal.
You hit something. You freeze something.
The jackal closely misses your shadow imp.
Something hits you but does no damage.
The jackal barely misses your shadow imp.
Your shadow imp closely misses the jackal.
You hit something but do no damage.
The jackal bites your shadow imp but does no damage.
Something hits you but does no damage.
Your shadow imp hits the jackal.
You closely miss something.
The jackal barely misses your shadow imp.
Something hits you.
* * * LOW HITPOINT WARNING * * *
Something shocks you.
You die...

...........###.######
.#.........#.........
...............######
##...........#.#
##.........###.###
##......... #.gg#
##........ ###g#
##.....## #{#
##.#.### #♣# <...#
#5# #5# #h# #h. ...
..#


You could see a howler monkey, 3 gnolls, a jackal and 2 friendly shadow imps.

Vanquished Creatures
  A phantom (D:4)
  An orc wizard (D:3)
  Terence (D:3)
  3 adders
  3 gnolls (D:4)
  A worm (D:3)
  3 leopard geckos (D:1)
  7 orcs
  A ball python (D:4)
  8 bats
  4 giant cockroaches
  11 goblins
  10 hobgoblins
  3 jackals
  5 frilled lizards
  8 kobolds
  A leopard gecko skeleton (D:4)
  14 rats
85 creatures vanquished.

Vanquished Creatures (collateral kills)
  Duvessa (D:4)
  Dowan (D:4)
  An iguana (D:4)
  An orc wizard (D:3)
  A worker ant (D:5)
  An adder (D:4)
  A shadow imp (D:5)
  An adder skeleton (D:5)
  2 orcs (D:3)
  2 jackals (D:5)
  2 rats (D:3)
14 creatures vanquished.

Grand Total: 99 creatures vanquished

Notes
Turn   | Place    | Note
-------+----------+-------------------------------------------
     0 | D:1      | MTVSty1e the Demonspawn Transmuter began the quest for the Orb.
     0 | D:1      | Reached XP level 1. HP: 15/15 MP: 3/3
   463 | D:1      | Gained mutation: A weak demonic guardian rushes to your aid. [demonic ancestry]
   463 | D:1      | Reached XP level 2. HP: 13/21 MP: 5/5
  1735 | D:2      | HP: 1/22 [hobgoblin/club (3)]
  1741 | D:2      | HP: 1/22 [hobgoblin/club (1)]
  1742 | D:2      | Gained mutation: You have a pair of small horns on your head. [demonic ancestry]
  1742 | D:2      | Reached XP level 3. HP: 1/27 MP: 6/6
  2364 | D:2      | Reached skill level 1 in Short Blades
  2718 | D:2      | Reached skill level 1 in Armour
  2973 | D:2      | Gained mutation: You are slightly more attuned to the shadows. [demonic ancestry]
  2973 | D:2      | Reached XP level 4. HP: 30/33 MP: 5/7
  3595 | D:3      | Reached XP level 5. HP: 32/40 MP: 7/9
  3620 | D:3      | Learned a level 5 spell: Blade Hands
  3623 | D:3      | Learned a level 2 spell: Sticks to Snakes
  4046 | D:3      | Noticed Terence
  4058 | D:3      | Killed Terence
  4242 | D:4      | Found a basalt altar of Yredelemnul.
  4251 | D:4      | Noticed a profane servitor
  4263 | D:4      | Found a glowing golden altar of the Shining One.
  4266 | D:4      | Noticed an angel
  4277 | D:4      | Found a staircase to the Ecumenical Temple.
  4394 | Temple   | Entered the Ecumenical Temple
  4523 | Temple   | Became a worshipper of Cheibriados the Contemplative
  4581 | D:4      | Noticed a phantom
  4588 | D:4      | Found a sparkling altar of Nemelex Xobeh.
  4606 | D:4      | Killed a phantom
  4619 | D:4      | HP: 1/41 [iguana (3)]
  4629 | D:4      | Reached XP level 6. HP: 3/47 MP: 6/10
  4975 | D:4      | Found Rarghaag's Assorted Antiques.
  4985 | D:4      | Bought a dented steel amulet for 110 gold pieces
  5002 | D:4      | Found a hide-covered altar of Uskayaw.
  5002 | D:4      | Noticed Dowan
  5006 | D:4      | Noticed Duvessa
  5044 | D:4      | Killed Duvessa
  5048 | D:4      | Killed Dowan
  5274 | D:4      | Noticed an orc warrior
  5276 | D:4      | Found an ornate altar of the Wu Jian Council.
  5284 | D:4      | Found a white marble altar of Elyvilon.
  5798 | D:5      | Entered Level 5 of the Dungeon
  5826 | D:5      | Reached * piety under Cheibriados
  6084 | D:5      | Noticed a sky beast
  6115 | D:5      | Gained mutation: Your flesh is cold resistant. (rC+) [potion of mutation]
  6115 | D:5      | Gained mutation: You are resistant to hostile enchantments. (MR+) [potion of mutation]
  6115 | D:5      | Gained mutation: Armour fits poorly on your strangely shaped body. [potion of mutation]
  6115 | D:5      | Gained mutation: Your muscles are strong. (Str +2) [potion of mutation]
  6119 | D:5      | HP: 3/72 [something (6)]
  6131 | D:5      | HP: 3/72 [something (2)]
  6131 | D:5      | Slain by a sky beast

Vault maps used:
D:1:      minmay_arrival_four_houses
D:2:      cheibrodos_greedy_goblins
D:3:      uniq_terence
D:4:      grunt_temple_overflow_holy_war, nicolae_overflow_hidden_temple,
          gammafunk_temple_overflow_arena, eat_drink_and_be_merry_uskayaw,
          minmay_temple_entry_junction, serial_shops, nicolae_shop_statue_plus,
          uniq_duvessa
D:5:      gammafunk_temple_overflow_forgotten, first_bread
Temple:   nicolae_temple_figure_zero

Skill      XL: |  1  2  3  4  5  6 |
---------------+-------------------+-----
Dodging        | 2 |  2.9
Short Blades   | 1 |  1.8
Fighting       | 2 3 |  3.8
Transmutations | 2 3 |  3.0
Armour         | 1 |  1.7
Spellcasting   | 3 |  3.0
Unarmed Combat | |  2.6

Action                   |  1- 3 |  4- 6 || total
-------------------------+-------+-------++-------
Melee: Dagger            |   171 |   140 ||   311
       Unarmed           |     5 |       ||     5
       Punch             |     3 |     3 ||     6
       Kick              |     7 |    12 ||    19
       Headbutt          |     8 |    16 ||    24
 Cast: Beastly Appendage |     9 |     9 ||    18
       Sticks to Snakes  |       |    26 ||    26
  Use: Scroll            |     1 |     7 ||     8
       Potion            |       |     3 ||     3
 Stab: Sleeping          |       |     9 ||     9
       Distracted        |       |     1 ||     1
  Eat: Bread ration      |     2 |       ||     2
       Meat ration       |       |     2 ||     2
       Fruit             |       |     2 ||     2
       Royal jelly       |       |     1 ||     1
Armor: Robe              |    26 |    18 ||    44
       Skin              |       |    22 ||    22
Dodge: Dodged            |    87 |    97 ||   184
